 Dungeon Crawl Stone Soup version 0.25-a0-2-g6559c6c (webtiles) character file.

Game seed: 14200994545164281145, levelgen mode: deterministic

11062 pichaelthompson the Blocker (level 11, -3/89 HPs)
             Began as a Gnoll Fighter on Oct 14, 2019.
             Was a Priest of Ashenzari.
             Slain by an ettin
             ... wielding a +0 dire flail
              (25 damage)
             ... on level 1 of the Orcish Mines.
             The game lasted 00:29:55 (12371 turns).

pichaelthompson the Blocker (Gnoll Fighter)        Turns: 12371, Time: 00:29:56

Health: -3/89      AC: 12    Str: 19    XL:     11   Next: 71%
Magic:  20/20      EV: 20    Int:  6    God:    Ashenzari [***...]
Gold:   766        SH: 13    Dex: 18    Spells: 22/22 levels left

rFire    . . .     SeeInvis +   u - +2 spear (venom) (curse)
rCold    . . .     Gourm    .   c - +0 shield (curse)
rNeg     . . .     Faith    .   E - +0 ring mail of the Seven Demons {rPois Int-4 Slay+3} (curse)
rPois    +         Spirit   .   S - +0 helmet
rElec    .         Reflect  .   B - +0 cloak
rCorr    .         Harm     .   n - -1 pair of gloves (curse)
MR       +....                  M - +0 pair of boots (curse)
Stlth    +++.......             Q - amulet of regeneration
HPRegen  0.64/turn              v - +4 ring of evasion
MPRegen  0.17/turn              q - ring of protection from magic

@: no status effects
A: distributed training, fangs 1, strong nose
a: Curse Item, Scrying, Renounce Religion


You were on level 1 of the Orcish Mines.
You worshipped Ashenzari.
Ashenzari was most pleased with you.
You were not hungry.

You visited 3 branches of the dungeon, and saw 13 of its levels.

You collected 766 gold pieces.

Inventory:

Hand Weapons
 a - a +0 trident
 u - a cursed +2 spear of venom (weapon)
Missiles
 w - 14 boomerangs (quivered)
Armour
 c - a cursed +0 shield (worn)
 n - a cursed -1 pair of gloves (worn)
 B - a +0 cloak (worn)
 C - a +0 pair of gloves
 E - the cursed +0 ring mail of the Seven Demons (worn) {rPois Int-4 Slay+3}
   (You found it on level 5 of the Dungeon)

   It affects your intelligence (-4).
   It affects your accuracy and damage with ranged weapons and melee attacks
   (+3).
   It protects you from poison.
   It has a curse placed upon it.
 M - a cursed +0 pair of boots (worn)
 S - a +0 helmet (worn)
Jewellery
 g - an uncursed amulet of rage
 m - an uncursed ring of protection from fire
 q - a ring of protection from magic (right hand)
 v - a +4 ring of evasion (left hand)
 G - an uncursed ring of protection from magic
 L - an uncursed amulet of magic regeneration
 O - an uncursed ring of wizardry
 P - an uncursed ring of resist corrosion
 Q - an amulet of regeneration (around neck)
Wands
 F - a wand of iceblast (6)
 H - a wand of digging (5)
Scrolls
 b - 2 scrolls of enchant weapon {unknown}
 e - 3 scrolls of remove curse
 j - 2 scrolls of fog {unknown}
 o - 2 scrolls of noise {unknown}
 p - 5 scrolls of teleportation {unknown}
 r - 3 scrolls of magic mapping {unknown}
 s - 3 scrolls of amnesia {unknown}
 t - a scroll of immolation {unknown}
 y - 2 scrolls of enchant armour {unknown}
 z - a scroll of silence {unknown}
 D - a scroll of acquirement {unknown}
 K - 2 scrolls of blinking {unknown}
Potions
 d - 2 potions of might
 h - 10 potions of curing
 i - 2 potions of heal wounds
 k - 4 potions of ambrosia
 l - 2 potions of lignification
 x - 3 potions of mutation
 A - 3 potions of flight
 I - a potion of invisibility
 J - a potion of resistance
 N - 2 potions of brilliance
Comestibles
 f - 19 rations
 R - 8 chunks of flesh


   Skills:
 + Level 9.3 Fighting
 + Level 6.4 Short Blades
 + Level 6.4 Long Blades
 + Level 6.4 Axes
 + Level 6.4 Maces & Flails
 + Level 8.0(10.9) Polearms
 + Level 6.4 Staves
 + Level 6.4 Slings
 + Level 6.4 Bows
 + Level 6.4 Crossbows
 + Level 6.4 Throwing
 + Level 9.3(11.1) Armour
 + Level 6.4(8.4) Dodging
 + Level 6.4 Stealth
 + Level 9.3(11.1) Shields
 + Level 6.4 Unarmed Combat
 + Level 6.4 Spellcasting
 + Level 5.3 Conjurations
 + Level 5.3 Hexes
 + Level 5.3 Charms
 + Level 5.3 Summonings
 + Level 5.3 Necromancy
 + Level 5.3 Translocations
 + Level 5.3 Transmutations
 + Level 5.3 Fire Magic
 + Level 5.3 Ice Magic
 + Level 5.3 Air Magic
 + Level 5.3 Earth Magic
 + Level 5.3 Poison Magic
 + Level 7.1 Invocations
 + Level 6.4 Evocations


You had 22 spell levels left.
You didn't know any spells.
Your spell library contained the following spells:

 Spells                   Type           Power        Failure   Level  Hunger
 Corona                   Hex            #......      8%          1    #......
 Summon Small Mammal      Summ           #...         8%          1    #......
 Call Imp                 Summ           #.......     11%         2    ###....
 Slow                     Hex            #.......     11%         2    ###....
 Call Canine Familiar     Summ           #.......     22%         3    ###....
 Inner Flame              Hex/Fire       #.......     22%         3    ###....
 Portal Projectile        Hex/Tloc       #.....       22%         3    ###....
 Summon Guardian Golem    Hex/Summ       #.......     22%         3    ###....
 Cause Fear               Hex            #.........   58%         4    #####..
 Leda's Liquefaction      Hex/Erth       #.........   58%         4    #####..
 Summon Ice Beast         Ice/Summ       #.......     58%         4    #####..
 Summon Lightning Spire   Summ/Air       #.......     58%         4    #####..


Dungeon Overview and Level Annotations

Branches:
Dungeon (11/15)            Temple (1/1) D:5            Lair (0/6) D:8
    Orc (1/2) D:10

Altars:
Ashenzari
Cheibriados
Dithmenos
Elyvilon
Fedhas
Gozag
Hepliaklqana
Kikubaaqudgha
Makhleb
Nemelex Xobeh
Okawaru
Qazlal
Ru
Sif Muna
Trog
Uskayaw
Vehumet
Wu Jian
Xom
Yredelemnul
Zin
The Shining One
Beogh

Shops:
D:4 *


Innate Abilities, Weirdness & Mutations

Your experience applies equally to all skills.
You have very sharp teeth.
Your uncanny sense of smell can sniff out nearby items.


Message History

An ettin comes into view. It is wielding two +0 dire flails.
The ettin moves out of view.
The ettin is too close now for your liking.
An ettin is nearby!
You hit the ettin.
The ettin is lightly wounded.
The ettin hits you with a +0 dire flail!!!
You block the ettin's attack.
You hit the ettin but do no damage.
The ettin is lightly wounded.
You hit the ettin.
The ettin is lightly wounded.
The ettin hits you with a +0 dire flail!!!
* * * LOW HITPOINT WARNING * * *
The ettin barely misses you.
You barely miss the ettin. You bite the ettin, but do no damage.
The ettin is lightly wounded.
You block the ettin's attack.
The ettin hits you with a +0 dire flail!!
You die...

##............................
##......##...........)........ #
#.......##......#.#..)).......
##.#...........#.....##..........
.................................
....#............................
.#...#.................>.........
##.#...........C...............#
######.#..[)##.#@...............#
.######...)).....................
..#.#.........................#..
.....................#....#.###..
....#....................##.####.
.....#.#................##....# #
......####..............###....#
..##.## #............#.## ###.##
.##### ##.#.#........## *##


You could see an ettin.

Vanquished Creatures
  A two-headed ogre (D:11)
  An unseen horror (D:11)
  Pikel (D:8)
  2 ugly things
  3 trolls
  A hippogriff (D:7)
  A spriggan (D:8)
  3 yaks (D:10)
  A wyvern (D:9)
  A wraith (D:8)
  2 humans (D:10)
  A hungry ghost (D:8)
  A warg (Orc:1)
  5 orc warriors
  7 sky beasts
  A phantom (D:9)
  3 ice beasts
  7 ogres
  A black bear (D:8)
  3 wolves (D:8)
  7 centaurs
  A big kobold (D:9)
  A bullfrog (D:8)
  A gnoll sergeant (D:7)
  2 scorpions
  6 wights
  7 killer bees
  6 electric eels
  10 crimson imps
  3 centaur zombies
  11 orc wizards
  A bullfrog skeleton (D:8)
  5 hounds
  10 orc priests
  2 centaur skeletons
  4 iguanas
  6 worker ants
  2 hound zombies
  3 hound skeletons
  9 adders
  12 gnolls
  2 shadow imps
  An ooze (D:1)
  An adder skeleton (D:6)
  4 worms
  2 dart slugs (D:2)
  4 leopard geckos
  42 orcs
  3 ball pythons
  7 bats
  3 giant cockroaches
  10 goblins
  2 hobgoblins
  9 jackals
  2 quokkas
  7 frilled lizards
  A jackal skeleton (D:5)
  15 kobolds
  2 quokka skeletons
  7 rats
279 creatures vanquished.

Vanquished Creatures (others)
  A centaur skeleton (D:8)
1 creature vanquished.

Grand Total: 280 creatures vanquished

Notes
Turn   | Place    | Note
-------+----------+-------------------------------------------
     0 | D:1      | pichaelthompson the Gnoll Fighter began the quest for the
                  | Orb.
     0 | D:1      | Reached XP level 1. HP: 23/23 MP: 1/1
   172 | D:1      | Reached XP level 2. HP: 29/29 MP: 2/2
   580 | D:1      | Reached XP level 3. HP: 31/35 MP: 3/3
   841 | D:2      | Reached skill level 1 in Invocations
   874 | D:2      | Reached skill level 1 in Short Blades
   874 | D:2      | Reached skill level 1 in Long Blades
   874 | D:2      | Reached skill level 1 in Axes
   874 | D:2      | Reached skill level 1 in Maces & Flails
   874 | D:2      | Reached skill level 1 in Staves
   874 | D:2      | Reached skill level 1 in Slings
   874 | D:2      | Reached skill level 1 in Bows
   874 | D:2      | Reached skill level 1 in Crossbows
   874 | D:2      | Reached skill level 1 in Throwing
   874 | D:2      | Reached skill level 1 in Dodging
   874 | D:2      | Reached skill level 1 in Stealth
   874 | D:2      | Reached skill level 1 in Unarmed Combat
   874 | D:2      | Reached skill level 1 in Spellcasting
   874 | D:2      | Reached skill level 1 in Evocations
   903 | D:2      | Reached XP level 4. HP: 21/41 MP: 5/5
  1738 | D:3      | Reached skill level 1 in Conjurations
  1738 | D:3      | Reached skill level 1 in Hexes
  1738 | D:3      | Reached skill level 1 in Charms
  1738 | D:3      | Reached skill level 1 in Summonings
  1738 | D:3      | Reached skill level 1 in Necromancy
  1738 | D:3      | Reached skill level 1 in Translocations
  1738 | D:3      | Reached skill level 1 in Transmutations
  1738 | D:3      | Reached skill level 1 in Fire Magic
  1738 | D:3      | Reached skill level 1 in Ice Magic
  1738 | D:3      | Reached skill level 1 in Air Magic
  1738 | D:3      | Reached skill level 1 in Earth Magic
  1738 | D:3      | Reached skill level 1 in Poison Magic
  2043 | D:3      | Reached XP level 5. HP: 47/47 MP: 6/6
  2170 | D:4      | Found Lymnaxe's General Store.
  2572 | D:4      | Noticed an ogre
  2585 | D:4      | HP: 2/47 [ogre/+0 giant club (22)]
  2586 | D:4      | Killed an ogre
  2586 | D:4      | Reached XP level 6. HP: 2/53 MP: 8/8
  2995 | D:4      | Reached skill level 5 in Polearms
  3432 | D:4      | Reached XP level 7. HP: 55/59 MP: 10/10
  4054 | D:5      | Entered Level 5 of the Dungeon
  4330 | D:5      | Reached XP level 8. HP: 39/67 MP: 12/12
  4504 | D:5      | Found a staircase to the Ecumenical Temple.
  4520 | Temple   | Entered the Ecumenical Temple
  4575 | Temple   | Became a worshipper of Ashenzari the Shackled
  5090 | D:5      | Got the cursed ring mail of the Seven Demons {rPois Int-4
                  | Slay+3}
  5101 | D:5      | Identified the cursed +0 ring mail of the Seven Demons
                  | {rPois Int-4 Slay+3} (You found it on level 5 of the
                  | Dungeon)
  6386 | D:7      | Reached * piety under Ashenzari
  6423 | D:7      | Reached XP level 9. HP: 72/72 MP: 14/14
  6659 | D:7      | Found a glowing golden altar of the Shining One.
  6861 | D:8      | Noticed a troll
  6878 | D:8      | Killed a troll
  7510 | D:8      | Found a staircase to the Lair.
  7533 | D:8      | Reached skill level 5 in Invocations
  8339 | D:8      | Reached XP level 10. HP: 80/80 MP: 17/17
  8411 | D:8      | Noticed Pikel
  8422 | D:8      | Killed Pikel
  8439 | D:8      | Found a blossoming altar of Fedhas.
  8695 | D:8      | Reached skill level 5 in Short Blades
  8695 | D:8      | Reached skill level 5 in Long Blades
  8695 | D:8      | Reached skill level 5 in Axes
  8695 | D:8      | Reached skill level 5 in Maces & Flails
  8695 | D:8      | Reached skill level 5 in Staves
  8695 | D:8      | Reached skill level 5 in Slings
  8695 | D:8      | Reached skill level 5 in Bows
  8695 | D:8      | Reached skill level 5 in Crossbows
  8695 | D:8      | Reached skill level 5 in Throwing
  8695 | D:8      | Reached skill level 5 in Dodging
  8695 | D:8      | Reached skill level 5 in Stealth
  8695 | D:8      | Reached skill level 5 in Unarmed Combat
  8695 | D:8      | Reached skill level 5 in Spellcasting
  8695 | D:8      | Reached skill level 5 in Evocations
  9063 | D:9      | Noticed a green ugly thing
  9094 | D:9      | Killed a green ugly thing
  9394 | D:9      | Found a roughly hewn altar of Beogh.
  9763 | D:9      | Reached ** piety under Ashenzari
 10008 | D:10     | Entered Level 10 of the Dungeon
 10127 | D:10     | Found an iron altar of Okawaru.
 10182 | D:10     | Noticed a purple ugly thing
 10239 | D:10     | Killed a purple ugly thing
 10239 | D:10     | Reached XP level 11. HP: 54/87 MP: 19/19
 10397 | D:10     | Found a staircase to the Orcish Mines.
 11328 | D:11     | Reached skill level 5 in Conjurations
 11328 | D:11     | Reached skill level 5 in Hexes
 11328 | D:11     | Reached skill level 5 in Charms
 11328 | D:11     | Reached skill level 5 in Summonings
 11328 | D:11     | Reached skill level 5 in Necromancy
 11328 | D:11     | Reached skill level 5 in Translocations
 11328 | D:11     | Reached skill level 5 in Transmutations
 11328 | D:11     | Reached skill level 5 in Fire Magic
 11328 | D:11     | Reached skill level 5 in Ice Magic
 11328 | D:11     | Reached skill level 5 in Air Magic
 11328 | D:11     | Reached skill level 5 in Earth Magic
 11328 | D:11     | Reached skill level 5 in Poison Magic
 11362 | D:11     | Noticed a seven-headed hydra
 11550 | D:11     | Reached *** piety under Ashenzari
 11560 | D:11     | Noticed an unseen horror
 11573 | D:11     | Killed an unseen horror
 11915 | D:11     | Noticed a two-headed ogre
 11936 | D:11     | Killed a two-headed ogre
 12023 | D:11     | Noticed a green ugly thing
 12092 | Orc:1    | Entered Level 1 of the Orcish Mines
 12355 | Orc:1    | Noticed an ettin
 12371 | Orc:1    | Slain by an ettin

Levels and vault maps discovered:
D:1:      wander_arrival_estate, layout_basic, minmay_stone_trees_small,
          minmay_misc_feat_more_columns, minmay_misc_feat_tower, hex_tiny,
          minmay_statues_item
D:2:      layout_basic
D:3:      layout_rooms
D:4:      layout_basic, serial_shops, nicolae_shop_waterfront
D:5:      layout_rooms, minmay_temple_entry_trees, first_ration,
          lemuel_flamethrower_1
D:6:      layout_cave_pools, kennysheep_windowed_goal
D:7:      layout_rooms, lemuel_doored_altar
D:8:      layout_loops_ring, erik_lair_island, the_bakery,
          hangedman_abyss_or_decor_clamps, fedhas_ov_isle_minmay, uniq_pikel
D:9:      layout_roguey, david_defended_altar_orc
D:10:     layout_irregular_city, erik_orc_4, okawaru_humans
D:11:     layout_cave_pools, kennysheep_dice
Temple:   kilobyte_greek_temple
Orc:1:    layout_caves, bh_open_orc_temple, uniq_maurice, uniq_erica

Skill      XL: |  1  2  3  4  5  6  7  8  9 10 11 |
---------------+----------------------------------+-----
Invocations    | 1 2 3 4 5 6 7 |  7.1
Short Blades   | 1 2 3 4 5 6 |  6.4
Long Blades    | 1 2 3 4 5 6 |  6.4
Axes           | 1 2 3 4 5 6 |  6.4
Maces & Flails | 1 2 3 4 5 6 |  6.4
Staves         | 1 2 3 4 5 6 |  6.4
Slings         | 1 2 3 4 5 6 |  6.4
Bows           | 1 2 3 4 5 6 |  6.4
Crossbows      | 1 2 3 4 5 6 |  6.4
Throwing       | 1 2 3 4 5 6 |  6.4
Dodging        | 1 2 3 4 5 6 |  6.4
Stealth        | 1 2 3 4 5 6 |  6.4
Unarmed Combat | 1 2 3 4 5 6 |  6.4
Spellcasting   | 1 2 3 4 5 6 |  6.4
Evocations     | 1 2 3 4 5 6 |  6.4
Conjurations   | 1 2 3 4 5 |  5.3
Hexes          | 1 2 3 4 5 |  5.3
Charms         | 1 2 3 4 5 |  5.3
Summonings     | 1 2 3 4 5 |  5.3
Necromancy     | 1 2 3 4 5 |  5.3
Translocations | 1 2 3 4 5 |  5.3
Transmutations | 1 2 3 4 5 |  5.3
Fire Magic     | 1 2 3 4 5 |  5.3
Ice Magic      | 1 2 3 4 5 |  5.3
Air Magic      | 1 2 3 4 5 |  5.3
Earth Magic    | 1 2 3 4 5 |  5.3
Poison Magic   | 1 2 3 4 5 |  5.3
Polearms       | 5 6 7 8 |  8.0
Fighting       | 7 8 9 |  9.3
Armour         | 7 8 9 |  9.3
Shields        | 7 8 9 |  9.3

Action                   |  1- 3 |  4- 6 |  7- 9 | 10-12 || total
-------------------------+-------+-------+-------+-------++-------
Melee: Trident           |    69 |   154 |       |       ||   223
       Bite              |     4 |    24 |    55 |    87 ||   170
       Spear             |       |    21 |   358 |   574 ||   953
Throw: Boomerang         |       |       |    44 |     1 ||    45
Invok: Curse Item        |       |       |     3 |       ||     3
  Use: Scroll            |       |       |       |     9 ||     9
 Stab: Sleeping          |       |       |     4 |     4 ||     8
       Distracted        |       |       |       |     2 ||     2
  Eat: Chunk             |       |     8 |    12 |    11 ||    31
       Ration            |       |       |     1 |     1 ||     2
Armor: Scale mail        |    16 |    24 |       |       ||    40
       Ring mail         |       |     2 |    75 |    47 ||   124
Dodge: Dodged            |    17 |    33 |   109 |   191 ||   350
Block: Shield            |    43 |    68 |   142 |   209 ||   462

Table legend:
 A = Non-vault XP
 B = Vault XP
 C = Vault XP percentage of total XP
 D = Non-vault monster count
 E = Vault monster count
 F = Vault count percentage of total count
                 A         B        C        D         E       F
            +---------+---------+-------+---------+---------+-------
      Total |   13070 |    2734 |  17.3 |     247 |      33 |  11.8
            +---------+---------+-------+---------+---------+-------
        D:1 |      46 |       0 |   0.0 |      20 |       0 |   0.0
        D:2 |      73 |       0 |   0.0 |      28 |       0 |   0.0
        D:3 |      63 |       0 |   0.0 |      14 |       0 |   0.0
        D:4 |     757 |       0 |   0.0 |      26 |       0 |   0.0
        D:5 |     768 |       0 |   0.0 |      23 |       0 |   0.0
        D:6 |     392 |     122 |  23.7 |      19 |       1 |   5.0
        D:7 |     680 |       0 |   0.0 |       9 |       0 |   0.0
        D:8 |    1194 |    1633 |  57.8 |      23 |       9 |  28.1
        D:9 |    2151 |     125 |   5.5 |      31 |       3 |   8.8
       D:10 |    2577 |     841 |  24.6 |      19 |      19 |  50.0
       D:11 |    3470 |      13 |   0.4 |      21 |       1 |   4.5
      Orc:1 |     899 |       0 |   0.0 |      14 |       0 |   0.0
            +---------+---------+-------+---------+---------+-------
